 Dungeon Crawl Stone Soup version 0.20.0 (webtiles) character file.

44 Llamajah the Shield-Bearer (level 3, 0/29 HPs)
             Began as a Formicid Fighter on July 2, 2017.
             Slain by a leopard gecko (4 damage)
             ... on level 2 of the Dungeon.
             The game lasted 00:02:52 (950 turns).

Llamajah the Shield-Bearer (Formicid Fighter)        Turns: 950, Time: 00:02:53

Health: 0/29       AC:  6    Str: 26    XL:     3   Next: 87%
Magic:  3/3        EV:  8    Int:  7    God:
Gold:   138        SH: 10    Dex: 10    Spells: 2/2 levels left

rFire    . . .     SeeInvis +   a - +0 war axe
rCold    . . .     Gourm    .   c - +0 shield
rNeg     . . .     Faith    .   b - +0 scale mail
rPois    .         Spirit   .   (helmet unavailable)
rElec    .         Reflect  .   (no cloak)
rCorr    .         Harm     .   (no gloves)
MR       .....                  (no boots)
Stlth    ..........             (no amulet)
Regen    0.1/turn               (no ring)
MPRegen  0.1/turn               (no ring)

@: mighty
A: permanent stasis, dig shafts and tunnels, four strong arms, antennae 3
a: Dig, Shaft Self


You were on level 2 of the Dungeon.
You were not hungry.

You visited 1 branch of the dungeon, and saw 2 of its levels.

You collected 138 gold pieces.

Inventory:

Hand Weapons
 a - a +0 war axe (weapon)
Armour
 b - a +0 scale mail (worn)
 c - a +0 shield (worn)
Scrolls
 e - 2 scrolls of identify {unknown}
 g - 2 scrolls of teleportation {unknown}
 l - a scroll of enchant armour {unknown}
Potions
 d - a potion of might
 h - 2 potions of invisibility {unknown}
 i - a potion of mutation {unknown}
 j - a potion of heal wounds {unknown}
 k - 2 potions of magic {unknown}
 m - a potion of lignification {unknown}
Comestibles
 f - 3 bread rations


   Skills:
 + Level 3.5 Fighting
 * Level 3.0 Axes
 + Level 3.5 Armour
 + Level 1.1 Dodging
 + Level 3.7 Shields


You had 2 spell levels left.
You didn't know any spells.

Dungeon Overview and Level Annotations

Branches:
Dungeon (2/15)

Altars:

Annotations:
D:2 Sigmund


Innate Abilities, Weirdness & Mutations

You cannot be hasted, slowed, berserked, paralysed or teleported.
You can dig through walls and to a lower floor.
Your four strong arms can wield two-handed weapons with a shield.
You have a pair of large antennae on your head. (SInv)


Message History

Sigmund is moderately wounded.
You hit the leopard gecko. You block the bat's attack.
The leopard gecko bites you. Sigmund hits you with a scythe.
The leopard gecko bites you but does no damage.
You slash Sigmund!
Sigmund is almost dead.
You closely miss the leopard gecko. The bat hits you but does no damage. x2
Sigmund casts a spell at you. The puff of flame misses you.
You block the leopard gecko's attack. Sigmund hits you with a scythe.
* * * LOW HITPOINT WARNING * * *
The bat hits you but does no damage.
You barely miss Sigmund.
Sigmund is almost dead.
You barely miss the leopard gecko. You slash the bat!
You kill the bat!
The leopard gecko bites you.
* * * LOW HITPOINT WARNING * * *
The leopard gecko bites you.
You die...

# . . .. ### .#.##
..###..... ### #.
####.......## #.......#
#.$...@......
#.#.#...#.#.##.@######..
.#.#.............l.......
.#.#.#....#####...####..
..........#.........#
#.#.#...#.#.##.#.##.#
##.#..........#.#.##.#.#.
....<....#.#..#........#.#
...(.................###.#
#####.#.....#.####..## #.#
#


You could see Sigmund and a leopard gecko.

Vanquished Creatures
  An adder (D:2)
  A dart slug (D:1)
  A leopard gecko (D:1)
  3 bats
  4 giant cockroaches
  6 goblins (D:1)
  4 hobgoblins (D:1)
  A quokka (D:2)
  2 frilled lizards
  2 kobolds (D:1)
  6 rats (D:1)
31 creatures vanquished.

Notes
Turn   | Place    | Note
-------+----------+-------------------------------------------
     0 | D:1      | Llamajah the Formicid Fighter began the quest for the Orb.
     0 | D:1      | Reached XP level 1. HP: 18/18 MP: 1/1
    87 | D:1      | Reached XP level 2. HP: 19/24 MP: 2/2
   387 | D:1      | Reached XP level 3. HP: 20/29 MP: 3/3
   831 | D:2      | Found a faded altar of an unknown god.
   856 | D:2      | Reached skill level 1 in Dodging
   944 | D:2      | Noticed Sigmund
   950 | D:2      | Slain by a leopard gecko

Skill      XL: |  1  2  3 |
---------------+----------+-----
Axes           | 3 |  3.0
Dodging        | 1 |  1.1
Fighting       | |  3.5
Armour         | |  3.5
Shields        | |  3.7

Action                   || total
-------------------------++-------
Melee: War axe           ||    89
  Use: Potion            ||     1
Armor: Scale mail        ||    35
Dodge: Dodged            ||    30
Block: Shield            ||    38
